 Dungeon Crawl Stone Soup version 0.29-a0-90-gc37658a0fe (webtiles) character file.

Game seed: 17449634673421609285

966 lordive the Ducker (level 7, -4/66 HPs)
             Began as a Troll Warper on Feb 7, 2022.
             Was a Follower of Cheibriados.
             Slain by an ogre (30 damage)
             ... on level 5 of the Dungeon.
             The game lasted 00:05:20 (3493 turns).

lordive the Ducker (Troll Warper)                   Turns: 3493, Time: 00:05:20

Health: -4/66      AC:  5    Str: 22    XL:     7   Next: 93%
Magic:  9/9        EV: 10    Int: 13    God:    Cheibriados [*.....]
Gold:   253        SH:  0    Dex: 11    Spells: 10/10 levels left

rFire   . . .      SeeInvis .     - Unarmed
rCold   . . .      Faith    .   (no shield)
rNeg    . . .      Spirit   .   a - +0 robe
rPois   .          Reflect  .   (helmet restricted)
rElec   .          Harm     .   p - +0 cloak
rCorr   .          Rampage  .   (gloves unavailable)
Will    .....                   (boots unavailable)
Stlth   +.........              (no amulet)
HPRegen 1.01/turn               q - ring of flight
MPRegen 0.11/turn               (no ring)

@: flying, very slow
A: large, unfitting armour, claws 3, regeneration 1, shaggy fur 1, tough skin 1
a: Renounce Religion, Bend Time


You were on level 5 of the Dungeon.
You worshipped Cheibriados.
Cheibriados was aware of your devotion.
You visited 2 branches of the dungeon, and saw 7 of its levels.

You collected 253 gold pieces.

Inventory:

Missiles
 c - 5 boomerangs of dispersal (quivered)
 n - 7 boomerangs
Armour
 a - a +0 robe (worn)
 p - a +0 cloak (worn)
Jewellery
 q - a ring of flight (left claw)
 r - a ring of protection from fire
 s - a ring of resist corrosion
Wands
 m - a wand of charming (6)
 o - a wand of iceblast (1)
Scrolls
 b - a scroll of blinking
 d - 4 scrolls of teleportation {unknown}
 g - 4 scrolls of vulnerability {unknown}
 h - 2 scrolls of noise {unknown}
 i - 8 scrolls of identify {unknown}
 j - a scroll of torment {unknown}
 l - 2 scrolls of enchant weapon {unknown}
 t - a scroll of silence {unknown}
Potions
 f - 2 potions of attraction
 k - a potion of brilliance {unknown}
 u - a potion of heal wounds {unknown}


   Skills:
 * Level 2.8 Fighting
 * Level 2.4 Throwing
 * Level 2.1 Armour
 * Level 3.8 Dodging
 + Level 0.4 Stealth
 * Level 1.7 Shields
 + Level 3.8 Unarmed Combat
 * Level 2.1 Spellcasting
 * Level 3.0 Translocations
 * Level 2.0 Invocations


You had 10 spell levels left.
You didn't know any spells.
Your spell library contained the following spells:

 Spells                   Type           Power      Damage    Failure   Level
 Blink                    Tloc           18%        N/A       11%         2
 Gell's Gravitas          Tloc           9%         N/A       22%         3
 Lesser Beckoning         Tloc           9%         N/A       22%         3
 Teleport Other           Tloc           9%         N/A       22%         3
 Shock                    Conj/Air       4%         1d3       26%         1
 Swiftness                Air            1%         N/A       58%         3
 Manifold Assault         Tloc           9%         N/A       90%         5
 Airstrike                Air            0%         N/A       94%         4
 Dispersal                Tloc           4%         N/A       100%        6


Dungeon Overview and Level Annotations

Branches:
Dungeon (6/15)             Temple (1/1) D:4

Altars:
Ashenzari
Cheibriados
Dithmenos
Elyvilon
Gozag
Hepliaklqana
Okawaru
Qazlal
Sif Muna
Uskayaw
Vehumet
Wu Jian
Xom
Yredelemnul
Zin
The Shining One


Innate Abilities, Weirdness & Mutations

You are too large for most types of armour.
You have claws for hands.
Your natural rate of healing is unusually fast.
You are covered in fur. (AC +1)
You have tough skin. (AC +1)


Message History

a +0 giant club; an ogre corpse You see here a quokka corpse.
An ogre comes into view. It is wielding a +0 giant club.
An ogre is nearby!
An ogre is nearby!
An ogre is nearby!
The ogre shouts!
Found a stone staircase leading down.
The ogre barely misses you.
You claw the ogre!
The ogre is moderately wounded.
The ogre hits you but does no damage.
You scratch the ogre.
The ogre is heavily wounded.
The ogre misses you.
You completely miss the ogre.
The ogre is heavily wounded.
You claw the ogre!
The ogre is severely wounded.
The ogre hits you with a +0 giant club!!
You barely miss the ogre.
The ogre is severely wounded.
The ogre hits you with a +0 giant club!
You are too injured to fight recklessly!
You are too injured to fight recklessly!
You are too injured to fight recklessly!
You are too injured to fight recklessly!
You are too injured to fight recklessly!
You are too injured to fight recklessly!
You are too injured to fight recklessly!
You are too injured to fight recklessly!
You are too injured to fight recklessly!
You are too injured to fight recklessly!
You are too injured to fight recklessly!
You are too injured to fight recklessly!
An ogre is nearby!
Unknown command.
You scratch the ogre.
The ogre is almost dead.
The ogre hits you with a +0 giant club!!
You die...

...................###
#.....>)...#.#........ #
#..........#.##.##....
#>##.............†#.....
.....................<..
...............#..######
#..........#.<....#
#.....O........#..##
#####@#.....#.##...###
######.#..#.......###.....
#.#.....#.#..#............
#..#.###### ####...##....
#.####.#..# #.#....... #.
#.#.....#.# ###.##..##.. #..
#..#.####.# ##......###..
#...######.#..# #..#.##......
#...#.#.....#.####.#..#######.


You could see an ogre.

Vanquished Creatures
  Sigmund (D:3)
  A black bear (D:5)
  An ogre (D:5)
  A bullfrog (D:4)
  A scorpion (D:4)
  A water moccasin skeleton (D:5)
  A howler monkey (D:5)
  A bullfrog zombie (D:5)
  2 hounds (D:5)
  An orc priest (D:3)
  Crazy Yiuf (D:2)
  A bullfrog skeleton (D:4)
  Jessica (D:3)
  Terence (D:2)
  An orc wizard (D:3)
  A hound skeleton (D:4)
  A gnoll (D:1)
  7 adders
  2 shadow imps
  A worm (D:2)
  2 dart slugs
  4 orcs
  3 endoplasms
  3 giant cockroaches
  7 hobgoblins
  6 jackals
  7 quokkas
  3 ball pythons
  10 bats
  4 frilled lizards
  6 goblins
  3 kobolds
  4 rats
90 creatures vanquished.

Notes
Turn   | Place    | Note
-------+----------+-------------------------------------------
     0 | D:1      | lordive the Troll Warper began the quest for the Orb.
     0 | D:1      | Reached XP level 1. HP: 19/19 MP: 1/1
    89 | D:1      | Reached XP level 2. HP: 28/28 MP: 2/2
   189 | D:1      | Found a faded altar of an unknown god.
   287 | D:1      | Reached skill level 1 in Throwing
   361 | D:1      | Reached XP level 3. HP: 35/35 MP: 4/4
   687 | D:2      | Noticed Terence
   700 | D:2      | Killed Terence
   701 | D:2      | Reached XP level 4. HP: 41/42 MP: 5/5
   844 | D:2      | Reached skill level 1 in Armour
  1104 | D:2      | Found a runed translucent door.
  1105 | D:2      | Noticed Crazy Yiuf
  1411 | D:3      | Reached XP level 5. HP: 38/49 MP: 6/6
  1415 | D:3      | Reached skill level 1 in Shields
  1486 | D:3      | Noticed Jessica
  1493 | D:3      | Killed Jessica
  1593 | D:4      | Reached skill level 1 in Invocations
  1769 | D:4      | Found a staircase to the Ecumenical Temple.
  1792 | Temple   | Entered the Ecumenical Temple
  1943 | Temple   | Became a worshipper of Cheibriados the Contemplative
  2108 | D:2      | Killed Crazy Yiuf
  2109 | D:2      | Reached XP level 6. HP: 38/57 MP: 7/7
  2171 | D:3      | Found an iron altar of Okawaru.
  2259 | D:3      | Noticed Sigmund
  2283 | D:3      | Killed Sigmund
  2625 | D:4      | Reached XP level 7. HP: 54/66 MP: 8/8
  2830 | D:4      | You are sucked into a shaft and drop 2 floors!
  2836 | D:5      | Entered Level 5 of the Dungeon
  3186 | D:5      | Reached * piety under Cheibriados
  3493 | D:5      | Slain by an ogre

Illustrated notes

Levels and vault maps discovered:
D:1:      dpeg_arrival_shrine, layout_basic,
          shapermc_ecumenical_altar_starsandcircs, minmay_tetromino_s2
D:2:      layout_basic, uniq_terence, uniq_crazy_yiuf_cottage
D:3:      layout_rooms, lemuel_round_altar, minmay_between, uniq_sigmund,
          uniq_jessica
D:4:      layout_basic, minmay_temple_entry_gardened_gates
D:5:      minmay_angry_zag, layout_rooms, interstate_on_off
D:6:      layout_cave_pools, mainiacjoe_overflow_surrounded_room, serial_shops,
          kennysheep_little_box
Temple:   regret_index_temple_waves

Skill      XL: |  1  2  3  4  5  6  7 |
---------------+----------------------+-----
Dodging        | 2 3 |  3.8
Throwing       | 1 2 |  2.4
Armour         | 1 2 |  2.1
Shields        | 1 |  1.7
Fighting       | 2 |  2.8
Invocations    | 1 2 |  2.0
Unarmed Combat | 3 |  3.8
Translocations | 3 |  3.0
Spellcasting   | 2 |  2.1
Stealth        | |  0.4

Action                   |  1- 3 |  4- 6 |  7- 9 || total
-------------------------+-------+-------+-------++-------
Melee: Unarmed           |    66 |   174 |    86 ||   326
       Punch             |     1 |     2 |     2 ||     5
  Use: Potion            |       |       |     2 ||     2
Armor: Robe              |    22 |    75 |    29 ||   126
       Skin              |       |       |    33 ||    33
Dodge: Dodged            |    40 |    89 |    51 ||   180

Table legend: (Time is in decaauts)
 A = Elapsed time spent in this place.
 B = Non-inter-level travel time spent in this place.
 C = Inter-level travel time spent in this place.
 D = Time resting spent in this place.
 E = Time spent auto-exploring this place.
 F = Levels seen in this place.
 G = Mean time per level.
                   A        B        C        D        E       F      G
               +--------+--------+--------+--------+--------+-----+--------+
         Total |   3855 |   3493 |    362 |     54 |   2762 |   7 |  550.7 |
       Dungeon |   3647 |   3372 |    275 |     54 |   2655 |   6 |  607.8 |
        Temple |    208 |    121 |     87 |      0 |    106 |   1 |  208.0 |
               +--------+--------+--------+--------+--------+-----+--------+

Top non-repeatable levels by time:
     D:4: 951 daAuts
     D:2: 881 daAuts
     D:3: 704 daAuts
     D:1: 625 daAuts
     D:5: 478 daAuts
  Temple: 208 daAuts
     D:6: 7 daAuts
